 Dungeon Crawl Stone Soup version 0.31-a0-365-gcf821cafb2 (webtiles) character file.

Game seed: 1644356532912404975

643 bmack86 the Cleaver (level 7, -1/57 HPs)
             Began as a Minotaur Fighter on July 28, 2023.
             Was an Initiate of Gozag.
             Slain by Grinder (6 damage)
             ... on level 5 of the Dungeon.
             The game lasted 00:07:43 (3197 turns).

bmack86 the Cleaver (Minotaur Fighter)              Turns: 3197, Time: 00:07:45

Health: -1/57      AC: 12    Str: 22    XL:     7   Next: 26%
Magic:  6/6        EV:  8    Int:  5    God:    Gozag
Gold:   297        SH:  4    Dex: 10    Spells: 6/6 levels left

rFire   . . .        a - +0 war axe
rCold   . . .        c - +0 buckler
rNeg    . . .        A - +0 chain mail
rPois   +            (helmet restricted)
rElec   .            (no cloak)
rCorr   .            (no gloves)
SInv    .            C - +2 pair of boots
Will    .....        (no amulet) Stlth
                     y - ring of poison resistance
HPRegen 0.29/turn    (no ring)
MPRegen 0.10/turn

%: no passive effects
@: no status effects
A: horns 2, retaliatory headbutt
a: Renounce Religion, Potion Petition, Call Merchant, Bribe Branch


You were on level 5 of the Dungeon.
You worshipped Gozag.
Gozag was aware of your devotion.
You visited 1 branch of the dungeon, and saw 5 of its levels.

You collected 359 gold pieces.
You paid 62 gold pieces to Gozag.

Inventory:

Hand Weapons
 a - a +0 war axe (weapon)
 s - a +1 hand axe of flaming
Armour
 b - a +0 scale mail
 c - a +0 buckler (worn)
 A - a +0 chain mail (worn)
 C - a +2 pair of boots (worn)
Jewellery
 y - a ring of poison resistance (left hand)
Wands
 o - a wand of digging (3)
 w - a wand of light (12)
Scrolls
 h - a scroll of vulnerability {unknown}
 j - 2 scrolls of identify {unknown}
 k - a scroll of blinking {unknown}
 l - 2 scrolls of teleportation {unknown}
 n - 2 scrolls of fog {unknown}
 r - a scroll of noise {unknown}
 t - 2 scrolls of enchant armour {unknown}
 u - 2 scrolls of revelation {unknown}
 v - 2 scrolls of summoning {unknown}
 x - a scroll of torment {unknown}
 z - a scroll of amnesia {unknown}
 E - a scroll of brand weapon {unknown}
Potions
 d - 3 potions of might
 e - 4 potions of curing {unknown}
 f - 2 potions of cancellation {unknown}
 g - a potion of lignification {unknown}
 i - a potion of haste {unknown}
 m - a potion of resistance {unknown}
 p - a potion of heal wounds {unknown}
 q - 2 potions of magic {unknown}
 B - 3 potions of enlightenment {unknown}
 D - a potion of ambrosia {unknown}


   Skills:
 - Level 3.6 Fighting
 + Level 9.8 Axes
 - Level 3.6 Armour
 - Level 3.6 Shields


You had 6 spell levels left.
You didn't know any spells.
Your spell library contained the following spells:

 Spells                   Type           Power      Damage    Failure   Level
 Dazzling Flash           Conj/Hex       0%         N/A       100%        3
 Inner Flame              Hex/Fire       0%         N/A       100%        3
 Flame Wave               Conj/Fire      0%         2d4       100%        4
 Sticky Flame             Conj/Fire      0%         2d3       100%        4
 Agony                    Necr           0%         N/A       100%        5
 Silence                  Hex/Air        0%         N/A       100%        5


Dungeon Overview and Level Annotations

Branches:
Dungeon (5/15)
 Temple: D:4-7

Altars:
Gozag

Annotations:
D:5 Grinder


Innate Abilities, Weirdness & Mutations

You have a pair of horns on your head.
You reflexively headbutt those who attack you in melee.


Message History

You hit Grinder. Your headbutt misses Grinder.
Grinder is lightly wounded.
You hit the gnoll sergeant.
The gnoll sergeant is no longer distracted by gold.
You hit the gnoll but do no damage.
The gnoll is no longer distracted by gold.
Grinder barely misses you. The gnoll closely misses you.
The gnoll sergeant hits you but does no damage.
The gnoll sergeant attacks as you move away!
The gnoll sergeant hits you but does no damage. x2
Grinder attacks as you move away! Grinder hits you.
You writhe in agony.
You closely miss Grinder. Your headbutt misses Grinder.
Grinder is lightly wounded.
Grinder hits you but does no damage.
You slash Grinder!
Grinder is moderately wounded.
Grinder gestures at you. Pain shoots through your body!
You barely miss Grinder. Your headbutt misses Grinder.
Grinder is moderately wounded.
Grinder barely misses you.
You barely miss Grinder. You headbutt Grinder.
Grinder is moderately wounded.
Grinder hits you but does no damage. Grinder hits you.
You hit Grinder.
Grinder is moderately wounded.
Grinder barely misses you.
You slash Grinder!
Grinder is severely wounded.
Grinder hits you.
* * * LOW HITPOINT WARNING * * *
You writhe in agony.
* * * LOW HITPOINT WARNING * * *
You hit Grinder.
Grinder is almost dead.
Grinder hits you.
* * * LOW HITPOINT WARNING * * *
You writhe in agony.
You die...
Your body crumbles into a pile of gold.

# ..# ### ###.. ...
##.###+###.... ...#
##........... .....
##.........# ##...
##.........#### ..)####
###.....[.....#####g.....#
................@5gg......
######..........###......#
......####.....## ......#
....).##...##### ......#
...<..##.### ......#
###.###(.# ......# #
#.....## ......# # ####..#
####### # ####..#


You could see Grinder, a gnoll sergeant and 2 gnolls.

Vanquished Creatures
  2 scorpions
  A howler monkey (D:4)
  3 orc priests
  A jelly (D:5)
  3 hounds (D:5)
  4 iguanas
  An orc wizard (D:5)
  A gnoll (D:5)
  5 adders
  A shadow imp (D:5)
  3 dart slugs
  6 orcs
  4 bats
  10 endoplasms
  3 giant cockroaches
  5 hobgoblins
  3 jackals (D:4)
  3 quokkas
  8 ball pythons
  3 frilled lizards
  4 goblins
  7 kobolds
  2 rats (D:1)
83 creatures vanquished.

Notes
Turn   | Place    | Note
-------+----------+-------------------------------------------
     0 | D:1      | bmack86 the Minotaur Fighter began the quest for the Orb.
     0 | D:1      | Reached XP level 1. HP: 19/19 MP: 0/0
   166 | D:1      | Reached skill level 3 in Axes
   196 | D:1      | Reached XP level 2. HP: 26/26 MP: 1/1
   361 | D:1      | You fall into a shaft and drop 1 floor!
   369 | D:2      | Reached skill level 4 in Axes
   471 | D:1      | Reached XP level 3. HP: 31/31 MP: 2/2
  1164 | D:2      | Reached skill level 5 in Axes
  1314 | D:2      | Found a faded altar of an unknown god.
  1412 | D:3      | Reached XP level 4. HP: 37/39 MP: 3/3
  1951 | D:4      | Reached skill level 6 in Axes
  2116 | D:4      | Reached XP level 5. HP: 45/45 MP: 4/4
  2192 | D:4      | Identified the +9 trident "Asuoludgh" {venom, rC- rN++
                  | Int+3}
  2258 | D:4      | Reached skill level 7 in Axes
  2441 | D:4      | Found an opulent altar of Gozag.
  2447 | D:4      | Became a worshipper of Gozag Ym Sagoz the Greedy
  2718 | D:4      | Reached XP level 6. HP: 51/51 MP: 5/5
  2726 | D:4      | Reached skill level 8 in Axes
  2833 | D:5      | Entered Level 5 of the Dungeon
  2942 | D:5      | Reached skill level 9 in Axes
  2971 | D:5      | Reached XP level 7. HP: 57/57 MP: 6/6
  3164 | D:5      | Noticed Grinder
  3197 | D:5      | Slain by Grinder

Illustrated notes

Levels and vault maps discovered:
D:1:      lemuel_arrival_behind_the_door_large, layout_loops_ring,
          minmay_misc_feat_columns
D:2:      layout_loops_ring, shapermc_ecumenical_altar_petra
D:3:      layout_basic
D:4:      layout_loops_corners, mainiacjoe_overflow_alcove_1,
          kennysheep_small_square
D:5:      kennysheep_steamy, layout_basic, gammafunk_temple_overflow_pools,
          minmay_misc_feat_room, uniq_grinder

Skill      XL: |  1  2  3  4  5  6 |
---------------+-------------------+-----
Axes           | 3 4 5 6 7 9 |  9.8
Fighting       | |  3.6
Armour         | |  3.6
Shields        | |  3.6

Action                     |  1- 3 |  4- 6 |  7- 9 || total
---------------------------+-------+-------+-------++-------
  Melee: War axe           |    72 |    91 |    31 ||   194
         Headbutt          |     7 |    13 |     5 ||    25
 Armour: Scale mail        |    37 |    13 |       ||    50
         Chain mail        |       |    36 |     8 ||    44
  Dodge: Dodged            |    30 |    38 |    14 ||    82
  Block: Buckler           |    24 |    16 |     5 ||    45

Table legend: (Time is in decaauts)
 A = Elapsed time spent in this place.
 B = Non-inter-level travel time spent in this place.
 C = Inter-level travel time spent in this place.
 D = Time resting spent in this place.
 E = Time spent auto-exploring this place.
 F = Levels seen in this place.
 G = Mean time per level.
                   A        B        C        D        E       F      G
               +--------+--------+--------+--------+--------+-----+--------+
         Total |   3238 |   3101 |    137 |      0 |   2193 |   5 |  647.6 |
       Dungeon |   3238 |   3101 |    137 |      0 |   2193 |   5 |  647.6 |
               +--------+--------+--------+--------+--------+-----+--------+

Top non-repeatable levels by time:
     D:4: 917 daAuts
     D:2: 722 daAuts
     D:1: 663 daAuts
     D:3: 568 daAuts
     D:5: 367 daAuts
